 Dungeon Crawl Stone Soup version 0.21-a0-153-g78480df (webtiles) character file.

2177 seren the Cleaver (level 9, -1/75 HPs)
             Began as a Hill Orc Fighter on Aug 1, 2017.
             Was an Initiate of Qazlal.
             Slain by a green ugly thing (9 damage)
             ... on level 7 of the Dungeon.
             The game lasted 00:19:45 (6859 turns).

seren the Cleaver (Hill Orc Fighter)                Turns: 6859, Time: 00:19:45

Health: -1/75      AC:  8    Str: 22    XL:     9   Next: 32%
Magic:  12/12      EV:  8    Int:  8    God:    Qazlal [......]
Gold:   163        SH: 10    Dex: 12    Spells: 6/8 levels left

rFire    + + .     SeeInvis .   a - +0 war axe
rCold    + + .     Gourm    .   c - +0 shield
rNeg     . . .     Faith    .   I - +0 ring mail "Zaech" {rF+ rC+ rCorr Stlth-} (curse)
rPois    .         Spirit   .   y - +0 helmet
rElec    .         Reflect  .   u - scarf {rC+ rF+}
rCorr    +         Harm     .   e - +0 pair of gloves
MR       .....                  (no boots)
Stlth    ..........             (no amulet)
HPRegen  0.22/turn              (no ring)
MPRegen  0.13/turn              (no ring)

@: hasted, very quick
A: thin skeletal structure 1, wild magic 1
a: Renounce Religion


You were on level 7 of the Dungeon.
You worshipped Qazlal.
Qazlal was noncommittal.
You were not hungry.

You visited 2 branches of the dungeon, and saw 9 of its levels.

You collected 415 gold pieces.
You spent 252 gold pieces at shops.

Inventory:

Hand Weapons
 a - a +0 war axe (weapon)
 b - a +0 hunting sling
 i - a +2 spear of piercing
 B - the +10 dagger "Derrait" {pierce, Str+7}
   (You found it on level 5 of the Dungeon)

   It inflicts extra damage upon your enemies.
   It affects your strength (+7).
 K - the +7 dagger of Bodily Harmony {elec, rPois rC+ Str-4}
   (You found it on level 7 of the Dungeon)

   Occasionally, upon striking a foe, it will discharge some electrical energy
   and cause terrible harm.
   It affects your strength (-4).
   It protects you from cold.
   It protects you from poison.
Missiles
 d - 2 exploding tomahawks (quivered)
 w - 147 stones
Armour
 c - a +0 shield (worn)
 e - a +0 pair of gloves (worn)
 l - a +0 buckler
 u - a scarf of resistance (worn)
 v - a +0 scale mail
 y - a +0 helmet (worn)
 I - the cursed +0 ring mail "Zaech" (worn) {rF+ rC+ rCorr Stlth-}
   (You bought it in a shop on level 8 of the Dungeon)

   It protects you from fire.
   It protects you from cold.
   It protects you from acid and corrosion.
   It makes you less stealthy.
   It has a curse placed upon it.
Jewellery
 E - an uncursed ring of ice
 P - an uncursed ring of magical power {unknown}
Wands
 g - a wand of lightning (8/15)
 L - a wand of digging (6/24)
Scrolls
 j - 2 scrolls of fear {unknown}
 k - 3 scrolls of enchant armour
 o - a scroll of fog {unknown}
 q - a scroll of enchant weapon {unknown}
 t - 4 scrolls of teleportation {!r}
 A - 2 scrolls of amnesia {unknown}
 C - a scroll of immolation {unknown}
 F - a scroll of recharging {unknown}
 G - a scroll of summoning {unknown}
 H - a scroll of remove curse {unknown}
Potions
 n - a potion of brilliance
 p - a potion of invisibility
 s - 5 potions of curing
 x - a potion of lignification {unknown}
 z - a potion of cancellation {unknown}
 D - a potion of ambrosia {unknown}
 J - a potion of heal wounds {unknown}
Books
 M - a book of Cantrips

   Spells                             Type                      Level
   a - Confusing Touch                Hexes                        1
   b - Animate Skeleton               Necromancy                   1
   c - Summon Small Mammal            Summoning                    1
   d - Apportation                    Translocation                1
Comestibles
 f - 5 bread rations
 h - 4 royal jellies
 m - 2 meat rations
 O - a chunk of flesh


   Skills:
 + Level 6.3 Fighting
 + Level 10.4 Axes
 + Level 5.9 Armour
 + Level 5.9 Shields
 + Level 2.7 Invocations
 - Level 4.1 Evocations


You had 6 spell levels left.
You knew the following spells:

 Your Spells              Type           Power        Failure   Level  Hunger
a - Animate Skeleton      Necr           N/A          95%         1    ##.....
b - Apportation           Tloc           #.....       95%         1    ##.....


Dungeon Overview and Level Annotations

Branches:
Dungeon (8/15)             Temple (1/1) D:4
   Lair: D:8-11

Altars:
Ashenzari
Cheibriados
Dithmenos
Elyvilon
Fedhas
Gozag
Hepliaklqana
Kikubaaqudgha
Makhleb
Nemelex Xobeh
Okawaru
Qazlal
Ru
Trog
Uskayaw
Vehumet
Wu Jian
Xom
Yredelemnul
The Shining One

Shops:
D:8 [

Annotations:
D:3 vault in clouds, exclusion: downstairs
D:4 Sigmund
D:6 Dowan, Duvessa


Innate Abilities, Weirdness & Mutations

You have a somewhat thin skeletal structure. (Dex +2, Stealth)
Your spells are a little harder to cast, but a little more powerful.


Message History

You slash the green ugly thing!
The green ugly thing is severely wounded.
* * * LOW HITPOINT WARNING * * *
You feel extremely sick. The green ugly thing barely misses you.
You closely miss the green ugly thing.
The green ugly thing is severely wounded.
* * * LOW HITPOINT WARNING * * *
You feel very sick.
You block the green ugly thing's attack.
You slash the green ugly thing!
The green ugly thing is severely wounded.
* * * LOW HITPOINT WARNING * * *
You feel very sick. The green ugly thing headbutts you!
* * * LOW HITPOINT WARNING * * *
You feel better. The green ugly thing headbutts you!
* * * LOW HITPOINT WARNING * * *
You feel yourself speed up. The green ugly thing headbutts you!
You die...

..........# #.# #.#
.########.#########.###.#
.# #...#.#..........##.# .#
#.#..<#.###...#..##.#
.####.###.#.#.#.#.#..##.#
.##.......#...#.#.#..##.#
.##.#.........#.#.....#.#
...............u###...#.#
###.............@.....#.#
.....#.################.##
.........................#
.....#.#################.##
.....#.# #.....# .....#.#
####.###.# .....#.#
###........# .....#.#
#.......##.#
.....#.#########.....##...#


You could see a green ugly thing.

Vanquished Creatures
  A hornet (D:7)
  A steam dragon (D:7)
  Menkaure (D:6)
  2 sky beasts (D:5)
  A black bear (D:8)
  An orc warrior (D:8)
  2 centaurs (D:6)
  An ogre (D:7)
  A big kobold (D:8)
  A bullfrog (D:7)
  A gnoll sergeant (D:5)
  A water moccasin skeleton (D:7)
  A scorpion (D:6)
  A killer bee (D:5)
  A howler monkey (D:5)
  A crimson imp (D:5)
  2 hounds
  An orc priest (D:3)
  4 iguanas
  6 orc wizards
  5 worker ants
  3 gnolls (D:5)
  8 adders
  A shadow imp (D:8)
  An adder skeleton (D:4)
  4 worms
  3 dart slugs
  4 leopard geckos
  13 orcs
  2 ball pythons
  7 giant cockroaches
  9 goblins
  9 hobgoblins
  4 jackals (D:2)
  3 quokkas
  9 bats
  7 frilled lizards
  5 kobolds
  A leopard gecko skeleton (D:5)
  8 rats
137 creatures vanquished.

Notes
Turn   | Place    | Note
-------+----------+-------------------------------------------
     0 | D:1      | seren the Hill Orc Fighter began the quest for the Orb.
     0 | D:1      | Reached XP level 1. HP: 19/19 MP: 1/1
    48 | D:1      | Reached skill level 3 in Axes
   332 | D:1      | Reached XP level 2. HP: 25/26 MP: 2/2
   444 | D:1      | Reached skill level 4 in Axes
   609 | D:1      | Reached XP level 3. HP: 31/31 MP: 3/3
   800 | D:1      | Reached skill level 5 in Axes
   999 | D:2      | Reached XP level 4. HP: 37/39 MP: 4/4
  1004 | D:2      | Found a shattered altar of Ashenzari.
  1165 | D:2      | Reached skill level 6 in Axes
  1845 | D:3      | Reached XP level 5. HP: 45/45 MP: 5/5
  1944 | D:3      | Found a radiant altar of Vehumet.
  1992 | D:3      | Reached skill level 7 in Axes
  2438 | D:4      | Found a staircase to the Ecumenical Temple.
  2449 | Temple   | Entered the Ecumenical Temple
  2665 | D:4      | Noticed Sigmund
  3107 | D:5      | Entered Level 5 of the Dungeon
  3134 | D:5      | Noticed a sky beast
  3144 | D:5      | Killed a sky beast
  3144 | D:5      | Reached skill level 1 in Evocations
  3144 | D:5      | Reached XP level 6. HP: 52/52 MP: 6/6
  3184 | D:5      | Reached skill level 8 in Axes
  3218 | D:5      | Found a sacrificial altar of Ru.
  3329 | D:5      | Reached XP level 7. HP: 23/59 MP: 6/8
  3656 | D:5      | Got a faintly glowing dagger
  3657 | D:5      | Identified the +10 dagger "Derrait" {pierce, Str+7} (You found it on level 5 of the Dungeon)
  4158 | D:6      | Noticed Duvessa
  4159 | D:6      | Noticed Dowan
  4206 | D:5      | Gained mutation: Your spells are a little harder to cast, but a little more powerful. [mutagenic meat]
  4207 | D:5      | Gained mutation: You have a somewhat thin skeletal structure. (Dex +2, Stealth) [mutagenic meat]
  4629 | D:6      | Found a hazy altar of Hepliaklqana.
  4633 | D:6      | Noticed Menkaure
  4641 | D:6      | Killed Menkaure
  4641 | D:6      | Reached skill level 9 in Axes
  4641 | D:6      | Reached XP level 8. HP: 52/67 MP: 9/9
  4729 | D:6      | Reached skill level 5 in Fighting
  5085 | D:7      | Reached skill level 5 in Armour
  5377 | D:7      | Reached skill level 5 in Shields
  5406 | D:7      | Found a stormy altar of Qazlal.
  5406 | D:7      | Found a sacrificial altar of Ru.
  5410 | D:7      | Became a worshipper of Qazlal Stormbringer
  5675 | D:7      | Reached skill level 10 in Axes
  5817 | D:7      | Got a steaming dagger
  5818 | D:7      | Identified the +7 dagger of Bodily Harmony {elec, rPois rC+ Str-4} (You found it on level 7 of the Dungeon)
  6084 | D:8      | Found Dimed's Antique Armour Shoppe.
  6099 | D:8      | Reached skill level 1 in Invocations
  6099 | D:8      | Reached XP level 9. HP: 22/75 MP: 11/11
  6155 | D:8      | Bought a spiked ring mail for 252 gold pieces
  6165 | D:8      | Identified the cursed +0 ring mail "Zaech" {rF+ rC+ rCorr Stlth-} (You bought it in a shop on level 8 of the Dungeon)
  6375 | D:8      | Noticed a hornet
  6386 | D:7      | Killed a hornet
  6598 | D:8      | Learned a level 1 spell: Animate Skeleton
  6600 | D:8      | Learned a level 1 spell: Apportation
  6746 | D:8      | Noticed a cyclops
  6832 | D:8      | Noticed a green ugly thing
  6859 | D:7      | Slain by a green ugly thing

Vault maps used:
D:1:      minmay_arrival_three_doors
D:2:      first_bread, minmay_misc_feat_diagonals, nicolae_ashenzari_panopticon
D:3:      lemuel_coloured_pillars_altar, lemuel_flame_loot_1
D:4:      minmay_temple_entry_junction_2, sigmund_army
D:5:      nicolae_ru_great_annihilating_truth
D:6:      old_standard_altar, uniq_menkaure, uniq_duvessa
D:7:      gammafunk_temple_overflow_wave, hangedman_glass_teeth,
          hangedman_decor_peaks_small
D:8:      minmay_imperfect_grid, serial_shops, shop_coins, uniq_prince_ribbit1
Temple:   eino_temple_rhombus

Skill      XL: |  1  2  3  4  5  6  7  8  9 |
---------------+----------------------------+-----
Axes           | 3 4 5 6 7 8 9 10 | 10.4
Evocations     | 1 2 3 4 |  4.1
Fighting       | 4 5 6 |  6.3
Armour         | 4 5 |  5.9
Shields        | 4 5 |  5.9
Invocations    | 1 2 |  2.7

Action                   |  1- 3 |  4- 6 |  7- 9 || total
-------------------------+-------+-------+-------++-------
Melee: War axe           |   124 |   208 |   215 ||   547
 Fire: Hunting sling     |       |     3 |       ||     3
  Use: Scroll            |       |       |     8 ||     8
       Potion            |       |       |     4 ||     4
 Stab: Paralysed         |       |     2 |       ||     2
  Eat: Chunk             |     1 |     7 |    14 ||    22
Armor: Scale mail        |    71 |    84 |    55 ||   210
       Ring mail         |       |       |    24 ||    24
Dodge: Dodged            |    38 |    56 |    62 ||   156
Block: Shield            |    59 |    84 |    66 ||   209
       Buckler           |       |       |    15 ||    15
